cohdb
Replays
Latest Replays
All Replays
Popular Replays
Top Player Replays
Match Explorer
How It Works
Community
CoH3 Stats
Reddit
Sign in to upload your games and track your stats! →
Sign in with Steam
Match 42465504
Unlisted
Match 42465504
Overview
Messages
Build Orders
End
Kradschützen Motorcycle Team
Panzergrenadier Squad
250 Light Carrier
Selects Italian Infantry
Construct Light Support Kompanie
Combat Half-tracks
Fire Support Elements
Panzergrenadier Squad
Flakvierling Half-track
Selects Guastatori Squad
Guastatori Squad
Selects L6/40 Light Tank Combat Group
Veteran Squad Leaders
Assault Mechanized Group
Vehicle Survival Package
Selects Towed Cannone da 105/28 Field Howitzer
Panzerjäger Squad
Construct Panzerarmee Kommand
Selects Sound the Alarm
Selects Territory Booby Traps
Pak 38 Mechanized Group
Panzer III L Medium Tank
MonoChrome
队友都是菜逼
Summer Monsoon
pro
0
0
Comments
sign in to comment!
No comments posted yet!